APL (24 & UNDER)
ATHENS ASSASSINS @ KENOSHA KINGFISH
05/10/2028
 
TOP OF THE 1ST
Athens Assassins batting - Pitching for Kenosha Kingfish : RHP Paul Lorenzo
Pitching: RHP Paul Lorenzo
Batting: LHB Miguel García 0-0: Ball
1-0: Ground out 4-3 (Groundball, 4D)
Batting: RHB Millard Long 0-0: Called Strike
0-1: Foul Ball, location: 2F
0-2: Strikes out looking
Batting: RHB Foster Hapgood 0-0: Called Strike
0-1: Foul Ball, location: 2F
0-2: Ball
1-2: Fly out, F8 (Flyball, 8LM)
Top of the 1st over - 0 run(s), 0 hit(s), 0 error(s), 0 left on base; Athens 0 - Kenosha 0
BOTTOM OF THE 1ST
Kenosha Kingfish batting - Pitching for Athens Assassins : RHP José Moreno
Pitching: RHP José Moreno
Batting: LHB Marvin Nichols 0-0: Called Strike
0-1: SINGLE (Groundball, P) (infield hit)
Batting: RHB Alejandro Ramírez 0-0: Ball
1-0: SINGLE (Groundball, 6MD)
Marvin Nichols to second
Runner from 2nd tries for 3rd, SAFE, no throw
Batting: RHB Andrés Bustamante 0-0: Called Strike
0-1: Hit by Pitch
Alejandro Ramírez to second
Batting: LHB Ernesto Meléndez 0-0: Ball
1-0: Swinging Strike
1-1: SINGLE (Groundball, 5S) (infield hit)
Marvin Nichols scores
Alejandro Ramírez to third
Andrés Bustamante to second
Batting: RHB Juan Escalante 0-0: Reached on error, E6 (Groundball, 6)
Alejandro Ramírez scores
Andrés Bustamante to third
Ernesto Meléndez to second
Batting: LHB Miguel Gómez 0-0: Ball
1-0: Foul Ball, location: 2F
1-1: Swinging Strike
1-2: Foul Ball, location: 2F
1-2: Ball
2-2: Ball
3-2: Base on Balls
Andrés Bustamante scores
Ernesto Meléndez to third
Juan Escalante to second
Batting: RHB Armando Arellano 0-0: Foul Ball, location: 2F
0-1: Ball
1-1: Called Strike
1-2: Ball
2-2: Foul Ball, location: 2F
2-2: Ball
3-2: Strikes out swinging
Batting: RHB Ron Campbell 0-0: Foul Ball, location: 2F
0-1: Fielders Choice at 2nd, 6-4 (Groundball, 6M)
Ernesto Meléndez scores
Juan Escalante to third
Batting: RHB Doug Lutz 0-0: Called Strike
0-1: Ball
1-1: 3-RUN HOME RUN (Flyball, 78XD), Distance : 435 ft
Batting: LHB Marvin Nichols 0-0: Ball
1-0: Called Strike
1-1: Ball
2-1: Called Strike
2-2: Foul Ball, location: 2F
2-2: Fly out, F7 (Flyball, 7LS)
Bottom of the 1st over - 7 run(s), 4 hit(s), 1 error(s), 0 left on base; Athens 0 - Kenosha 7
TOP OF THE 2ND
Athens Assassins batting - Pitching for Kenosha Kingfish : RHP Paul Lorenzo
Batting: LHB Milo Glenn 0-0: Ball
1-0: Ground out 6-3 (Groundball, 6)
Batting: RHB Don Martin 0-0: Ball
1-0: Foul Ball, location: 2F
1-1: Called Strike
1-2: Ball
2-2: Strikes out swinging
Batting: RHB Britt Short 0-0: Swinging Strike
0-1: Ball
1-1: Fly out, F8 (Flyball, 8LM)
Top of the 2nd over - 0 run(s), 0 hit(s), 0 error(s), 0 left on base; Athens 0 - Kenosha 7
BOTTOM OF THE 2ND
Kenosha Kingfish batting - Pitching for Athens Assassins : RHP José Moreno
Batting: RHB Alejandro Ramírez 0-0: Ball
1-0: Ball
2-0: Foul Ball, location: 2F
2-1: SOLO HOME RUN (Flyball, 78XD), Distance : 424 ft
Batting: RHB Andrés Bustamante 0-0: Called Strike
0-1: Ball
1-1: Fly out, F7 (Line Drive, 7)
Batting: LHB Ernesto Meléndez 0-0: Ball
1-0: Ball
2-0: Called Strike
2-1: Ball
3-1: Base on Balls
Batting: RHB Juan Escalante 0-0: Called Strike
Ernesto Meléndez is caught stealing 2nd base
0-1: Called Strike
0-2: Ball
1-2: Foul Ball, location: 2F
1-2: Ball
2-2: Ball
3-2: Base on Balls
Batting: LHB Miguel Gómez 0-0: Ball
1-0: Foul Ball, location: 2F
1-1: SINGLE (Groundball, 34D)
Juan Escalante to second
Runner from 2nd tries for 3rd, SAFE, throw made to third
Miguel Gómez to second
Pitching: RHP James Mantle
Batting: RHB Armando Arellano 0-0: Ball
1-0: Ball
2-0: Foul Ball, location: 2F
2-1: SINGLE (Groundball, 56) (infield hit)
Juan Escalante scores
Miguel Gómez to third
Batting: RHB Ron Campbell 0-0: Called Strike
0-1: Fly out, F6 (Popup, 6D)
Bottom of the 2nd over - 2 run(s), 3 hit(s), 0 error(s), 2 left on base; Athens 0 - Kenosha 9
TOP OF THE 3RD
Athens Assassins batting - Pitching for Kenosha Kingfish : RHP Paul Lorenzo
Batting: RHB John Jones 0-0: Ball
1-0: SINGLE (Flyball, 89S)
Batting: RHB Maximino Abbado 0-0: SINGLE (Line Drive, 4D)
John Jones to second
Runner from 2nd tries for 3rd, SAFE, no throw
Batting: RHB Alfonso Flores 0-0: Called Strike
Maximino Abbado steals 2nd base
0-1: SINGLE (Groundball, 4MD)
John Jones scores
Maximino Abbado to third
Batting: LHB Miguel García 0-0: Called Strike
0-1: Ball
1-1: Ball
2-1: SINGLE (Groundball, 4D)
Maximino Abbado scores
Alfonso Flores to second
Runner from 2nd tries for 3rd, SAFE, throw made to third
Batting: RHB Millard Long 0-0: Called Strike
0-1: Called Strike
0-2: SINGLE (Groundball, 4MD)
Alfonso Flores scores
Miguel García to second
Batting: RHB Foster Hapgood 0-0: Ball
1-0: Ball
2-0: Called Strike
2-1: Ball
3-1: Foul Ball, location: 2F
3-2: Strikes out swinging
Batting: LHB Milo Glenn 0-0: Called Strike
0-1: Ball
1-1: Ball
2-1: Foul Ball, location: 2F
2-2: SINGLE (Groundball, 4MD)
Miguel García to third
Millard Long to second
Runner from 3rd tries for Home, SAFE, no throw
Batting: RHB Don Martin 0-0: Foul Ball, location: 2F
0-1: Called Strike
0-2: Foul Ball, location: 2F
0-2: Foul Ball, location: 2F
0-2: Ball
1-2: Ball
2-2: Foul Ball, location: 2F
2-2: Foul Ball, location: 2F
2-2: Ball
3-2: Base on Balls
Millard Long to third
Milo Glenn to second
Batting: RHB Britt Short 0-0: Ball
1-0: Swinging Strike
1-1: Swinging Strike
1-2: Strikes out swinging
Batting: RHB John Jones 0-0: Ball
1-0: Ball
2-0: Foul Ball, location: 2F
2-1: Ball
3-1: Called Strike
3-2: Base on Balls
Millard Long scores
Milo Glenn to third
Don Martin to second
Batting: RHB Maximino Abbado 0-0: Called Strike
0-1: Ball
1-1: Foul Ball, location: 2F
1-2: Ball
2-2: Strikes out looking
Top of the 3rd over - 5 run(s), 6 hit(s), 0 error(s), 3 left on base; Athens 5 - Kenosha 9
BOTTOM OF THE 3RD
Kenosha Kingfish batting - Pitching for Athens Assassins : RHP James Mantle
Batting: RHB Doug Lutz 0-0: Foul Ball, location: 2F
0-1: Ball
1-1: Ball
2-1: Ball
3-1: Base on Balls
Batting: LHB Marvin Nichols 0-0: Ball
1-0: Ground out U3 (Groundball, 34S)
Doug Lutz to second
Batting: RHB Alejandro Ramírez 0-0: Ball
1-0: Foul Ball, location: 2F
1-1: Called Strike
1-2: Strikes out swinging
Batting: RHB Andrés Bustamante 0-0: Swinging Strike
0-1: Fly out, F4 (Line Drive, 4M)
Bottom of the 3rd over - 0 run(s), 0 hit(s), 0 error(s), 1 left on base; Athens 5 - Kenosha 9
TOP OF THE 4TH
Athens Assassins batting - Pitching for Kenosha Kingfish : RHP Paul Lorenzo
Batting: RHB Alfonso Flores 0-0: Called Strike
0-1: Ground out 3-1 (Groundball, 34)
Batting: LHB Miguel García 0-0: Called Strike
0-1: Ground out 6-3 (Groundball, 6)
Batting: RHB Millard Long 0-0: Called Strike
0-1: Foul Ball, location: 2F
0-2: Ball
1-2: Ball
2-2: Foul Ball, location: 2F
2-2: Foul Ball, location: 2F
2-2: Foul Ball, location: 2F
2-2: Foul Ball, location: 2F
2-2: Strikes out swinging
Top of the 4th over - 0 run(s), 0 hit(s), 0 error(s), 0 left on base; Athens 5 - Kenosha 9
BOTTOM OF THE 4TH
Kenosha Kingfish batting - Pitching for Athens Assassins : RHP James Mantle
Batting: LHB Ernesto Meléndez 0-0: Ball
1-0: Foul Ball, location: 2F
1-1: Ground out 4-3 (Groundball, 4M)
Batting: RHB Juan Escalante 0-0: Ball
1-0: Ball
2-0: Ball
3-0: Base on Balls
Batting: LHB Miguel Gómez 0-0: Ball
1-0: Ball
2-0: Ball
3-0: Base on Balls
Juan Escalante to second
Batting: RHB Armando Arellano 0-0: SINGLE (Groundball, 6MD)
Juan Escalante to third
Miguel Gómez to second
Runner from 3rd tries for Home, SAFE, throw made home
Miguel Gómez to third
Armando Arellano to second
Batting: RHB Ron Campbell 0-0: Ball
1-0: Foul Ball, location: 2F
1-1: Ball
2-1: Foul Ball, location: 2F
2-2: Ball
3-2: SINGLE (Groundball, 56D)
Miguel Gómez scores
Armando Arellano to third
Runner from 3rd tries for Home, SAFE, no throw
Pitching: LHP Ben Newman
Batting: RHB Doug Lutz 0-0: Ball
1-0: Called Strike
1-1: Ball
2-1: Ball
Wild Pitch!
Ron Campbell to second
3-1: Swinging Strike
3-2: Foul Ball, location: 2F
3-2: Fly out, F7 (Line Drive, 7)
Batting: LHB Marvin Nichols 0-0: Ball
1-0: Fly out, F7 (Flyball, 7S)
Bottom of the 4th over - 3 run(s), 2 hit(s), 0 error(s), 1 left on base; Athens 5 - Kenosha 12
TOP OF THE 5TH
Athens Assassins batting - Pitching for Kenosha Kingfish : RHP Paul Lorenzo
Batting: RHB Foster Hapgood 0-0: Ball
1-0: Swinging Strike
1-1: Ball
2-1: Swinging Strike
2-2: Ball
3-2: Foul Ball, location: 2F
3-2: Foul Ball, location: 2F
3-2: Fly out, F4 (Popup, 3D)
Pitching: LHP Johnny Clark
Batting: LHB Milo Glenn 0-0: Ball
1-0: SINGLE (Line Drive, 4M)
Batting: RHB Don Martin 0-0: Ball
1-0: Ball
Milo Glenn steals 2nd base
2-0: Called Strike
2-1: Foul Ball, location: 2F
2-2: Strikes out swinging, 2-3 out at first.
Batting: RHB Britt Short 0-0: Called Strike
0-1: Ball
1-1: Foul Ball, location: 2F
1-2: Strikes out looking
Top of the 5th over - 0 run(s), 1 hit(s), 0 error(s), 1 left on base; Athens 5 - Kenosha 12
BOTTOM OF THE 5TH
Kenosha Kingfish batting - Pitching for Athens Assassins : LHP Ben Newman
Batting: RHB Alejandro Ramírez 0-0: Ball
1-0: Swinging Strike
1-1: Called Strike
1-2: Strikes out swinging
Batting: RHB Andrés Bustamante 0-0: Called Strike
0-1: Foul Ball, location: 2F
0-2: Ball
1-2: Ball
2-2: Foul Ball, location: 2F
2-2: Foul Ball, location: 2F
2-2: Foul Ball, location: 2F
2-2: Foul Ball, location: 2F
2-2: Ball
3-2: Fly out, F8 (Line Drive, 8LD)
Batting: LHB Ernesto Meléndez 0-0: Ball
1-0: Ground out 3-1 (Groundball, 34)
Bottom of the 5th over - 0 run(s), 0 hit(s), 0 error(s), 0 left on base; Athens 5 - Kenosha 12
TOP OF THE 6TH
Athens Assassins batting - Pitching for Kenosha Kingfish : LHP Johnny Clark
Batting: RHB John Jones 0-0: Ball
1-0: SINGLE (Groundball, 56D)
Batting: RHB Maximino Abbado 0-0: Foul Ball, location: 2F
0-1: Ball
1-1: Called Strike
1-2: Foul Ball, location: 2F
1-2: Foul Ball, location: 2F
1-2: Strikes out looking
Batting: RHB Alfonso Flores 0-0: Ball
1-0: Ball
2-0: Ball
3-0: Base on Balls
John Jones to second
Batting: LHB Miguel García 0-0: Called Strike
0-1: Fielders Choice at 2nd, 3-6 (Groundball, 3)
John Jones to third
Batting: RHB Millard Long 0-0: Ball
1-0: Foul Ball, location: 2F
1-1: Foul Ball, location: 2F
1-2: Ball
2-2: Fielders Choice at 2nd, 6-4 (Groundball, 6)
Top of the 6th over - 0 run(s), 1 hit(s), 0 error(s), 1 left on base; Athens 5 - Kenosha 12
BOTTOM OF THE 6TH
Kenosha Kingfish batting - Pitching for Athens Assassins : LHP Ben Newman
Batting: RHB Juan Escalante 0-0: Called Strike
0-1: Ball
1-1: Fly out, F2 (Popup, 15S)
Batting: LHB Miguel Gómez 0-0: Ground out 4-3 (Groundball, 4)
Batting: RHB Armando Arellano 0-0: Ball
1-0: SINGLE (Groundball, 4D)
Batting: RHB Ron Campbell 0-0: DOUBLE (Line Drive, 8LD)
Armando Arellano to third
Runner from 3rd tries for Home, throw and OUT!
Bottom of the 6th over - 0 run(s), 2 hit(s), 0 error(s), 1 left on base; Athens 5 - Kenosha 12
TOP OF THE 7TH
Athens Assassins batting - Pitching for Kenosha Kingfish : LHP Johnny Clark
Batting: RHB Foster Hapgood 0-0: Fly out, F9 (Flyball, 9)
Batting: LHB Milo Glenn 0-0: Ball
1-0: DOUBLE (Line Drive, 78D)
Pinch Runner at 2nd Xavier Smith:
Batting: RHB Don Martin 0-0: SINGLE (Line Drive, 34D)
Xavier Smith to third
Batting: RHB Britt Short 0-0: Ball
1-0: Ball
2-0: Ball
3-0: Called Strike
3-1: Foul Ball, location: 2F
3-2: Foul Ball, location: 2F
3-2: Strikes out swinging
Batting: RHB John Jones 0-0: Ball
1-0: Swinging Strike
1-1: Swinging Strike
1-2: Strikes out looking
Top of the 7th over - 0 run(s), 2 hit(s), 0 error(s), 2 left on base; Athens 5 - Kenosha 12
BOTTOM OF THE 7TH
Kenosha Kingfish batting - Pitching for Athens Assassins : LHP Ben Newman
Now in CF: Xavier Smith
Batting: RHB Doug Lutz 0-0: Called Strike
0-1: Foul Ball, location: 2F
0-2: Ball
1-2: Ball
2-2: Ball
3-2: Base on Balls
Batting: LHB Marvin Nichols 0-0: Ball
1-0: Ball
2-0: Fly out, F7 (Flyball, 7S)
Pitching: RHP Kieron Lahyani
Batting: RHB Alejandro Ramírez 0-0: Ball
1-0: Foul Ball, location: 2F
1-1: Ball
2-1: Called Strike
Doug Lutz steals 2nd base
2-2: Ball
3-2: Foul Ball, location: 2F
3-2: Strikes out looking
Batting: RHB Andrés Bustamante 0-0: Ball
1-0: Foul Ball, location: 2F
1-1: Ball
2-1: Ball
3-1: Base on Balls
Batting: LHB Ernesto Meléndez 0-0: Called Strike
0-1: Foul Ball, location: 2F
0-2: Ball
1-2: Ball
2-2: Strikes out swinging
Bottom of the 7th over - 0 run(s), 0 hit(s), 0 error(s), 2 left on base; Athens 5 - Kenosha 12
TOP OF THE 8TH
Athens Assassins batting - Pitching for Kenosha Kingfish : LHP Johnny Clark
Now in RF: Justin McCoy
Batting: RHB Maximino Abbado 0-0: Foul Ball, location: 2F
0-1: Called Strike
0-2: Ball
1-2: DOUBLE (Flyball, 78XD)
Batting: RHB Alfonso Flores 0-0: Ground out 6-3 (Groundball, 6)
Maximino Abbado to third
Batting: LHB Miguel García 0-0: Fly out, F7 (Flyball, 7LS)
Batting: RHB Millard Long 0-0: Ball
1-0: SINGLE (Groundball, 56D)
Maximino Abbado scores
Batting: RHB Foster Hapgood 0-0: Called Strike
0-1: Called Strike
0-2: Foul Ball, location: 2F
0-2: Ball
1-2: Ball
2-2: Strikes out looking
Top of the 8th over - 1 run(s), 2 hit(s), 0 error(s), 1 left on base; Athens 6 - Kenosha 12
BOTTOM OF THE 8TH
Kenosha Kingfish batting - Pitching for Athens Assassins : RHP Kieron Lahyani
Batting: RHB Juan Escalante 0-0: Called Strike
0-1: Foul Ball, location: 2F
0-2: Ball
1-2: DOUBLE (Flyball, 89D)
Batting: LHB Miguel Gómez 0-0: Ball
1-0: Ground out 4-3 (Groundball, 4)
Juan Escalante to third
Batting: RHB Armando Arellano 0-0: Called Strike
0-1: Ball
1-1: Foul Ball, location: 2F
1-2: Ball
2-2: Foul Ball, location: 2F
2-2: Strikes out looking
Batting: RHB Ron Campbell 0-0: Called Strike
0-1: Swinging Strike
0-2: Ball
1-2: Ball
2-2: Ball
3-2: Base on Balls
Batting: RHB Doug Lutz 0-0: Ball
1-0: Called Strike
1-1: Ball
2-1: Ball
3-1: Base on Balls
Ron Campbell to second
Batting: LHB Marvin Nichols 0-0: Called Strike
0-1: Ball
1-1: Swinging Strike
1-2: Strikes out looking
Bottom of the 8th over - 0 run(s), 1 hit(s), 0 error(s), 3 left on base; Athens 6 - Kenosha 12
TOP OF THE 9TH
Athens Assassins batting - Pitching for Kenosha Kingfish : LHP Johnny Clark
Pitching: RHP Jim Snyder
Now at 2B: Esteban Ayala
Batting: LHB Xavier Smith 0-0: Called Strike
0-1: Called Strike
0-2: Foul Ball, location: 2F
0-2: Ball
1-2: Foul Ball, location: 2F
1-2: Ball
2-2: Foul Ball, location: 2F
2-2: Ball
3-2: Foul Ball, location: 2F
3-2: Fly out, F8 (Flyball, 8LD)
Batting: RHB Don Martin 0-0: Called Strike
0-1: Swinging Strike
0-2: Ball
1-2: Strikes out swinging
Batting: RHB Britt Short 0-0: Ground out 5-3 (Groundball, 56S)
Top of the 9th over - 0 run(s), 0 hit(s), 0 error(s), 0 left on base; Athens 6 - Kenosha 12
Tuesday, August 8th, 2017 - OOTP Baseball 17.12 Build 75